Map: Lightshade LE

Players

SortOf

  • Race: Zerg Zerg
  • League: Master

soul - Winner!

  • Race: Terran Terran
  • League: Grandmaster

Event: DreamHack SC2 Masters 2021 Summer

VOD

Have the link to the VOD?

Description

Time

  • Played on: May 21, 2021, 1:35 p.m.
  • Length: 9:18

All games in this series

Show
View Real Time Build Order
Export as new Build Order

SortOf Zerg 

Build Orders: Hatch First, Muta Ling Bane 

Get SALT Encoding   

  12  0:00  Drone  
  13  0:12  Overlord  
  13  0:17  Drone  
  14  0:32  Drone x2  
  16  0:48  Hatchery  
  15  0:52  Drone  
  15  0:55  Drone  
  17  0:58  Drone  
  18  1:10  Extractor  
  17  1:14  Spawning Pool  
  17  1:16  Drone  
  17  1:20  Drone  
  18  1:29  Drone  
  19  1:38  Drone  
  20  1:50  Drone  
  21  2:00  Queen x2  
  26  2:01  Zergling x4  
  27  2:11  Overlord  
  27  2:14  Drone  
  28  2:22  Hatchery  
  27  2:24  Drone  
  28  2:32  Drone  
  28  2:33  Drone x2  
  31  2:40  Queen  
  33  2:44  Metabolic Boost  
  33  2:50  Overlord  
  33  2:53  Drone  
  33  2:55  Drone  
  33  2:58  Drone  
  36  3:10  Drone x2  
  36  3:11  Overlord  
  36  3:12  Drone x2  
  40  3:16  Queen  
  40  3:19  Drone  
  43  3:28  Queen  
  43  3:32  Drone x2  
  46  3:35  Queen  
  46  3:37  Drone x2  
  50  3:44  Zergling x4  
  50  3:47  Drone  
  53  3:49  Drone  
  53  3:52  Overlord  
  53  3:53  Overlord  
  53  3:54  Drone  
  53  3:55  Drone  
  56  4:00  Drone  
  57  4:03  Overlord  
  57  4:08  Overlord  
  57  4:17  Drone x7  
  57  4:22  Drone  
  57  4:23  Lair  
  65  4:25  Drone  
  65  4:26  Baneling Nest  
  65  4:29  Drone x4  
  65  4:30  Drone  
  70  4:35  Drone  
  70  4:36  Zergling x2  
  72  4:40  Extractor  
  72  4:41  Drone x3, Spore Crawler  
  72  4:42  Spore Crawler  
  72  4:43  Extractor, Spore Crawler  
  70  4:47  Drone  
  70  4:48  Drone  
  72  4:54  Queen, Overlord  
  72  4:57  Zergling x6  
  77  5:00  Drone x4  
  77  5:02  Drone  
  77  5:05  Drone  
  83  5:11  Zergling x2  
  83  5:12  Extractor, Zergling x2  
  84  5:16  Drone x4  
  84  5:19  Drone x3  
  89  5:23  Overseer  
  89  5:29  Spire  
  89  5:30  Drone  
  89  5:31  Extractor  
  89  5:33  Extractor, Drone x4  
  91  5:40  Centrifical Hooks, Overlord  
  91  5:41  Hatchery, Baneling  
  91  5:42  Zergling x4  
  92  5:46  Drone x4  
  96  5:55  Zergling x2  
  96  5:56  Overlord x4  
  97  6:09  Extractor  
  92  6:13  Extractor  
  92  6:15  Drone x4  
  93  6:21  Drone x3  
  93  6:22  Drone x2  
  98  6:27  Overlord  
  101  6:32  Zergling x6  
  101  6:33  Zergling x6  
  101  6:34  Baneling x2, Pneumatized Carapace  
  101  6:35  Overseer  
  101  6:36  Overseer  
  104  6:42  Evolution Chamber x2  
  104  6:43  Mutalisk x4  
  110  6:50  Mutalisk, Zerg Flyer Weapons Level 1  
  110  6:54  Baneling x4  
  112  6:57  Mutalisk  
  112  6:59  Drone x10  
  124  7:12  Mutalisk x3  
  124  7:14  Zergling x4  
  132  7:16  Overlord  
  132  7:19  Zergling x2  
  132  7:21  Hatchery  
  132  7:23  Zerg Ground Armor Level 1  
  132  7:24  Zerg Melee Weapons Level 1  
  132  7:25  Zergling x6  
  135  7:35  Overlord  
  136  7:40  Zergling x20  
  136  7:41  Baneling x3  
  136  7:42  Baneling x12  
  145  7:52  Mutalisk x2  
  149  7:59  Zergling x22  
  154  8:07  Zergling x6  
  154  8:10  Baneling x10  
  155  8:18  Zergling x18  
  147  8:22  Baneling x4  
  147  8:23  Baneling x11  
  147  8:24  Zergling x10  
  142  8:29  Zergling x8  
  131  8:39  Mutalisk x4  
  133  8:46  Zergling x6  
  137  8:55  Zergling x6  
  122  8:56  Zergling x2  
  122  9:00  Zergling x2  
Show
View Real Time Build Order
Export as new Build Order

soul Terran - Winner!

Build Orders: Command Center First (CC), Hellion Banshee 

Get SALT Encoding   

  12  0:00  SCV  
  13  0:12  SCV  
  14  0:17  Supply Depot  
  14  0:24  SCV  
  15  0:38  SCV  
  16  0:50  SCV  
  17  0:58  Command Center  
  17  1:03  SCV  
  18  1:12  Barracks  
  18  1:16  SCV  
  19  1:20  Refinery  
  19  1:28  SCV  
  19  1:32  Refinery  
  20  1:40  SCV  
  21  1:52  SCV  
  22  2:00  Reaper  
  23  2:04  Orbital Command  
  23  2:10  Orbital Command  
  23  2:22  Factory  
  23  2:26  Supply Depot  
  23  2:30  SCV  
  23  2:33  Barracks Reactor  
  23  2:35  SCV  
  25  2:42  SCV  
  26  2:47  SCV  
  27  2:53  Command Center  
  27  2:56  SCV  
  28  2:59  SCV  
  29  3:06  Starport  
  29  3:08  SCV  
  29  3:11  SCV  
  31  3:15  Hellion x2  
  31  3:18  Barracks Tech Lab  
  35  3:20  SCV  
  35  3:24  SCV  
  37  3:32  SCV  
  38  3:36  SCV, Hellion  
  38  3:37  Hellion, Supply Depot  
  43  3:44  Barracks Tech Lab, SCV  
  44  3:49  Cloaking Field  
  45  3:56  SCV  
  45  3:58  SCV  
  45  3:59  Banshee, Hellion x2  
  53  4:04  Orbital Command  
  53  4:06  Stimpack  
  53  4:07  Marine  
  53  4:09  SCV  
  55  4:12  SCV  
  56  4:21  SCV, Hellion x2  
  56  4:22  Supply Depot  
  61  4:24  SCV, Marine  
  61  4:28  Supply Depot  
  64  4:31  SCV  
  64  4:33  SCV  
  64  4:36  SCV  
  66  4:41  Banshee  
  69  4:45  Supply Depot  
  69  4:47  Orbital Command  
  69  4:48  SCV  
  69  4:51  Barracks x2  
  70  4:53  SCV, Factory Reactor  
  70  4:57  Engineering Bay x2  
  70  4:59  Refinery  
  71  5:01  Refinery  
  71  5:04  SCV  
  71  5:06  SCV  
  73  5:11  Supply Depot  
  73  5:14  SCV  
  73  5:17  SCV  
  73  5:19  Barracks  
  73  5:21  Barracks  
  75  5:24  Terran Infantry Armor Level 1, Terran Infantry Weapons Level 1  
  75  5:30  SCV x2  
  75  5:32  SCV  
  75  5:34  Starport Reactor, Supply Depot  
  78  5:42  SCV x2, Siege Tank  
  83  5:44  SCV  
  83  5:49  Marine x5  
  89  5:54  SCV x2  
  91  6:00  Combat Shield, Supply Depot x2  
  91  6:03  SCV  
  92  6:06  SCV  
  92  6:07  Marine x4  
  92  6:09  SCV  
  97  6:14  Marine, Siege Tank  
  97  6:15  Barracks Reactor  
  97  6:17  Barracks Reactor  
  97  6:18  Medivac  
  103  6:21  SCV x2  
  103  6:23  Bunker, Supply Depot  
  105  6:26  Medivac, Supply Depot  
  105  6:28  Marine, Supply Depot  
  105  6:29  Marine x2  
  105  6:30  SCV  
  111  6:33  Refinery, SCV, Marine  
  111  6:35  Marine  
  111  6:37  SCV  
  115  6:42  SCV  
  115  6:46  Marine  
  117  6:48  Armory  
  117  6:49  Siege Tank, Marine x2, Supply Depot  
  117  6:51  Marine  
  117  6:53  Supply Depot  
  123  6:59  Marine x5  
  123  7:01  Supply Depot  
  128  7:04  Marine  
  128  7:07  Marine x2  
  131  7:09  Marine  
  132  7:17  Marine x5  
  132  7:18  Medivac x2  
  132  7:21  Siege Tank  
  132  7:22  Marine  
  145  7:25  Marine x2  
  147  7:30  Missile Turret  
  147  7:31  Missile Turret  
  147  7:32  Marine, Missile Turret  
  147  7:35  Marine x5  
  153  7:40  Marine  
  153  7:43  Marine x2  
  150  7:50  Marine  
  151  7:53  Marine x5  
  151  7:57  Marine  
  157  8:01  Marine x2  
  154  8:07  Marine  
  154  8:10  Marine  
  154  8:11  Marine x4  
  158  8:15  Marine  
  158  8:18  Marine  
  158  8:19  Marine  
  153  8:25  Marine  
  146  8:28  Marine x5  
  146  8:30  Medivac x2  
  146  8:33  Marine  
  145  8:36  Marine x2  
  147  8:43  Marine  
  147  8:45  Command Center  
  147  8:46  Marine x5  
  153  8:51  Marine  
  153  8:54  Marine x2  
Tags
 
Add a new tag
Caveats
  • Supply blocks, unpowered buildings, or Contaminate may cause inaccurate times.
  • Supply counts are checked every 10 seconds.